cohdb
Replays
Latest Replays
All Replays
Popular Replays
Top Player Replays
Match Explorer
How It Works
Community
CoH3 Stats
Reddit
Sign in to upload your games and track your stats! →
Sign in with Steam
3v3
Match 10631507
Overview
Messages
Build Orders
End
Panzergrenadier Squad
Selects Italian Infantry
Panzerpioneer Squad
250 Light Carrier
Construct Light Support Kompanie
MG34 Team
Fire Support Elements
Pak 38 Mechanized Group
Selects Guastatori Squad
Flakvierling Half-track
Guastatori Squad
Selects Defensive Operations
Tungsten Core Ammunition
le.IG 18 Mechanized Group
Selects Designate Defensive Line
Construct Panzerarmee Kommand
Grenade Package
AI Takeover
LOBO de las SS
Earthdog
小小戴1234
oki
The101stAirBorne
leto
0
0
Comments
sign in to comment!
No comments posted yet!